 Dungeon Crawl Stone Soup version 0.21.1-1-g345015f (webtiles) character file.

894 inc the Gouger (level 7, 0/31 HPs)
             Began as a Felid Monk on Mar 14, 2018.
             Was a Priest of Wu Jian.
             Slain by a hippogriff (11 damage)
             ... on level 9 of the Dungeon.
             The game lasted 00:14:57 (8021 turns).

inc the Gouger (Felid Monk)                         Turns: 8021, Time: 00:14:58

Health: 0/31       AC:  2    Str:  7    XL:     7   Next: 78%
Magic:  8/8        EV: 26    Int: 12    God:    Wu Jian [***...]
Gold:   478        SH:  0    Dex: 21    Spells: 6/6 levels left
                                        Lives:  0   Deaths: 2

rFire    + . .     SeeInvis +     - Unarmed
rCold    . . .     Gourm    .   (shield unavailable)
rNeg     . . .     Faith    .   (armour unavailable)
rPois    +         Spirit   .   (helmet unavailable)
rElec    .         Reflect  .   (cloak unavailable)
rCorr    .         Harm     .   (gloves unavailable)
MR       +....                  (boots unavailable)
Stlth    +++.......             (no amulet)
HPRegen  0.10/turn              g - ring of poison resistance
MPRegen  0.11/turn              x - ring of protection from fire

@: quick
A: very small, no armour, no weapons or thrown items, stealth, claws 1, fangs 3,
see invisible, carnivore, speed 1, shaggy fur 2, slow metabolism 1, sharp paws
a: Wall Jump, Serpent's Lash, Renounce Religion


You were on level 9 of the Dungeon.
You worshipped Wu Jian.
Wu Jian was most pleased with you.
You were not hungry.

You visited 1 branch of the dungeon, and saw 9 of its levels.
You also visited: Ossuary.

You collected 478 gold pieces.

Inventory:

Jewellery
 f - an uncursed amulet of harm
 g - a ring of poison resistance (left paw)
 u - an uncursed ring of protection from cold
 v - a -3 ring of evasion
 w - an uncursed ring of teleportation
 x - a ring of protection from fire (right paw)
Wands
 p - a wand of polymorph (8)
 r - a wand of acid (7)
 s - a wand of paralysis (24)
 y - a wand of random effects (37)
Scrolls
 b - 5 scrolls of remove curse
 c - a scroll of enchant weapon {unknown}
 h - 3 scrolls of fog {unknown}
 j - 4 scrolls of teleportation {unknown}
 m - 2 scrolls of enchant armour
 o - 5 scrolls of identify
 q - 3 scrolls of magic mapping {unknown}
Potions
 d - 2 potions of haste
 e - 4 potions of flight
 i - 2 potions of agility
 k - 3 potions of brilliance
 l - 3 potions of heal wounds
 t - 2 potions of magic
Books
 n - a book of Conjurations

   Spells                             Type                      Level
   a - Magic Dart                     Conjuration                  1
   b - Searing Ray                    Conjuration                  2
   c - Dazzling Spray                 Conjuration/Hexes            3
   d - Fulminant Prism                Conjuration/Hexes            4
   e - Force Lance                    Conjuration/Translocation    4
   f - Iskenderun's Mystic Blast      Conjuration                  4
Comestibles
 a - 13 rations


   Skills:
 - Level 3.0 Fighting
 - Level 9.1 Dodging
 - Level 2.6 Stealth
 + Level 11.5 Unarmed Combat


You had 6 spell levels left.
You didn't know any spells.

Dungeon Overview and Level Annotations

Branches:
Dungeon (9/15)             Temple (0/1) D:7            Lair (0/6) D:9
    Orc: D:9-12

Altars:
Cheibriados
Dithmenos
Elyvilon
Gozag
Hepliaklqana
Nemelex Xobeh
Okawaru
Ru
Trog
Wu Jian
Yredelemnul

Shops:
D:8 [

Annotations:
D:3 soepske's ghost, amateur GnSu
D:6 Edmund


Innate Abilities, Weirdness & Mutations

You cannot wear armour.
You are incapable of wielding weapons or throwing items.
Your paws allow you to move quietly. (Stealth)
You have sharp claws.
You have razor-sharp teeth.
You have supernaturally acute eyesight. (SInv)
You are carnivorous and can eat meat at any time.
You cover ground quickly.
You are covered in thick fur. (AC +2)
You have a slow metabolism.
Your sharp claws are effective at attacking unaware monsters.


Message History

The hippogriff misses you.
You claw the hippogriff!
The hippogriff is moderately wounded.
You claw the hippogriff!
The hippogriff is heavily wounded.
The hippogriff closely misses you. The hippogriff pecks you.
The hippogriff misses you.
You scratch the hippogriff but do no damage.
You claw the hippogriff. You bite the hippogriff.
The hippogriff is heavily wounded.
The hippogriff completely misses you. x2; The hippogriff claws you!
You are too injured to fight recklessly!
You have no room to wall jump there.
You see here a scroll of enchant armour.
You scratch the hippogriff. You claw the hippogriff!
The hippogriff is severely wounded.
You scratch the hippogriff.
The hippogriff is severely wounded.
The hippogriff bites you!
You die...

....## #####
.##..#######...
####.....>##.#
######....# # ###..# .#
#. ##..# .##...
###...## ###....##
##...#..####........
............@H....#.##
#.....########.........
..##.> #...#.###.. .
### #.....# .. #......#
.# ###.#.#. # ..#⌠.##
...#.. .## #.


You could see a hippogriff.

Vanquished Creatures
  Pikel (D:7)
  A hornet (D:8)
  A wraith (Ossuary)
  A hungry ghost (D:9)
  Menkaure (D:5)
  A soldier ant (D:8)
  A water moccasin (D:6)
  An orc warrior (D:8)
  An ice beast (D:5)
  3 slaves (D:7)
  A phantom (D:8)
  A centaur (D:5)
  2 bullfrogs
  A wyvern zombie (D:6)
  A scorpion (D:8)
  A wight (D:6)
  4 killer bees (D:8)
  A centaur zombie (D:6)
  2 crimson imps
  2 hounds
  2 jellies
  An orc priest (D:7)
  An iron imp (D:5)
  2 orc wizards
  4 worker ants
  A big kobold zombie (Ossuary)
  2 hound skeletons
  3 mummies (Ossuary)
  A worker ant zombie (D:8)
  7 adders
  2 oozes (D:3)
  2 worms
  2 dart slugs
  2 leopard geckos
  16 orcs
  2 giant cockroaches
  7 goblins
  6 hobgoblins
  3 jackals (D:9)
  6 kobolds
  2 quokkas
  A ball python (D:2)
  7 bats
  2 frilled lizards
  4 goblin zombies (Ossuary)
  A hobgoblin zombie (Ossuary)
  A jackal skeleton (D:4)
  A jackal zombie (D:6)
  A kobold zombie (Ossuary)
  A leopard gecko skeleton (D:4)
  A quokka skeleton (D:5)
  10 rats
132 creatures vanquished.

Vanquished Creatures (others)
  An orc wizard (D:7)
  2 orcs (D:7)
  A hobgoblin zombie (Ossuary)
4 creatures vanquished.

Grand Total: 136 creatures vanquished

Notes
Turn   | Place    | Note
-------+----------+-------------------------------------------
     0 | D:1      | inc the Felid Monk began the quest for the Orb.
     0 | D:1      | Reached XP level 1. HP: 10/10 MP: 2/2
   508 | D:1      | Reached XP level 2. HP: 14/14 MP: 3/3
   801 | D:2      | Found a bloodstained altar of Trog.
   896 | D:2      | Reached skill level 4 in Unarmed Combat
  1025 | D:2      | Found a shadowy altar of Dithmenos.
  1091 | D:2      | Reached XP level 3. HP: 15/17 MP: 4/4
  1633 | D:3      | Reached skill level 5 in Unarmed Combat
  1633 | D:3      | Reached XP level 4. HP: 21/21 MP: 5/5
  2094 | D:3      | HP: 1/21 [frilled lizard (3)]
  2443 | D:3      | Noticed soepske's ghost (amateur GnSu)
  2822 | D:4      | Reached XP level 5. HP: 23/24 MP: 6/6
  2830 | D:4      | Found a hazy altar of Hepliaklqana.
  2830 | D:4      | Found a white marble altar of Elyvilon.
  2830 | D:4      | Found a sparkling altar of Nemelex Xobeh.
  2838 | D:4      | Reached skill level 6 in Unarmed Combat
  3356 | D:4      | Found a basalt altar of Yredelemnul.
  3356 | D:4      | Found an ornate altar of the Wu Jian Council.
  3360 | D:4      | Became a worshipper of the Wu Jian Council
  3360 | D:4      | Reached * piety under Wu Jian
  3360 | D:4      | Reached ** piety under Wu Jian
  3436 | D:5      | Entered Level 5 of the Dungeon
  3440 | D:5      | Noticed Menkaure
  3444 | D:5      | Killed Menkaure
  3444 | D:5      | Reached skill level 7 in Unarmed Combat
  3444 | D:5      | Gained mutation: You are covered in thick fur. (AC +2) [Felid growth]
  3444 | D:5      | Reached XP level 6. HP: 28/28 MP: 7/7
  3463 | D:5      | Noticed an ice beast
  3468 | D:5      | Killed an ice beast
  3468 | D:5      | Reached skill level 5 in Dodging
  3788 | D:5      | Reached XP level 7. HP: 17/31 MP: 8/8
  3936 | D:5      | Found a snail-covered altar of Cheibriados.
  4356 | D:6      | Found an iron altar of Okawaru.
  5512 | D:6      | Noticed Edmund
  5556 | D:7      | Found an opulent altar of Gozag.
  5626 | D:7      | Found a sand-covered staircase.
  5630 | Ossuary  | Entered an ossuary
  5630 | Ossuary  | Noticed a wraith
  5630 | Ossuary  | Noticed a wraith
  5630 | Ossuary  | Noticed a wraith
  5769 | Ossuary  | Reached XP level 8. HP: 34/34 MP: 9/9
  6052 | Ossuary  | Reached skill level 8 in Unarmed Combat
  6221 | D:7      | Noticed Pikel
  6229 | D:7      | Killed Pikel
  6229 | D:7      | Reached skill level 9 in Unarmed Combat
  6407 | D:7      | Found a sacrificial altar of Ru.
  6485 | D:7      | Found a staircase to the Ecumenical Temple.
  6845 | D:7      | Reached skill level 10 in Unarmed Combat
  7109 | D:8      | Noticed a two-headed ogre
  7234 | D:8      | Found a shadowy altar of Dithmenos.
  7311 | D:8      | Reached *** piety under Wu Jian
  7464 | D:8      | Noticed a hornet
  7475 | D:8      | Reached XP level 9. HP: 37/37 MP: 10/10
  7499 | D:8      | Slain by a two-headed ogre
  7500 | D:8      | Reached XP level 8. HP: -3/34 MP: 9/9
  7522 | D:8      | Reached skill level 11 in Unarmed Combat
  7746 | D:8      | Found Tak Zuu's Antique Armour Shop.
  7810 | D:8      | Demolished by a two-headed ogre
  7811 | D:8      | Reached XP level 7. HP: -17/31 MP: 8/8
  7984 | D:9      | Noticed a hungry ghost
  7997 | D:9      | Killed a hungry ghost
  8001 | D:9      | Found a staircase to the Lair.
  8009 | D:9      | Noticed a hippogriff
  8021 | D:9      | Slain by a hippogriff

Skill      XL: |  1  2  3  4  5  6  7  8 |
---------------+-------------------------+-----
Unarmed Combat | 4 5 7 11 | 11.5
Dodging        | 6 9 |  9.1
Fighting       | |  3.0
Stealth        | |  2.6

Action                   |  1- 3 |  4- 6 |  7- 9 || total
-------------------------+-------+-------+-------++-------
Melee: Unarmed           |    85 |   156 |   278 ||   519
       Bite              |     5 |     8 |    25 ||    38
       Punch             |     2 |     1 |    13 ||    16
Invok: Lunge             |       |     3 |    22 ||    25
       Whirlwind         |       |       |    31 ||    31
       Wall Jump         |       |       |    19 ||    19
       Serpent's Lash    |       |       |     2 ||     2
  Use: Scroll            |     3 |     1 |     6 ||    10
       Potion            |       |     4 |     6 ||    10
 Stab: Sleeping          |     6 |    10 |    15 ||    31
  Eat: Chunk             |     3 |     3 |    10 ||    16
Armor: Skin              |     2 |     6 |     2 ||    10
Dodge: Dodged            |    83 |   108 |   194 ||   385
